 Dungeon Crawl Stone Soup version 0.31-a0-96-g196d5507e3 (webtiles) character file.

Game seed: 9551087552381774931

326 Bnni the Digger (level 6, -2/43 (47) HPs)
             Began as a Formicid Earth Elementalist on May 26, 2023.
             Slain by Duvessa
             ... wielding a +1 short sword of protection
              (16 damage)
             ... on level 4 of the Dungeon.
             The game lasted 00:09:07 (3814 turns).

Bnni the Digger (Formicid Earth Elementalist)       Turns: 3814, Time: 00:09:07

HP:   -2/43 (47)    AC:  6    Str: 13    XL:     6   Next: 79%
MP:   9/11          EV: 10    Int: 16    God:
Gold: 144           SH:  0    Dex: 14    Spells: 2/12 levels left

rFire   . . .        a - +2 dagger (venom)
rCold   . . .        (no shield)
rNeg    . . .        t - +0 ring mail
rPois   .            (helmet unavailable)
rElec   .            v - +0 cloak
rCorr   .            (no gloves)
SInv    +            (no boots)
Will    .....        f - amulet of regeneration
Stlth   +            p - ring of wizardry
HPRegen 1.07/turn    w - ring of wizardry
MPRegen 0.12/turn

%: wizardry (x2)
@: drained
A: permanent stasis, dig shafts and tunnels, antennae 3, four strong arms
a: Dig, Shaft Self


You were on level 4 of the Dungeon.
You visited 1 branch of the dungeon, and saw 4 of its levels.

You collected 194 gold pieces.
You spent 50 gold pieces at shops.

Inventory:

Hand Weapons
 a - a +2 dagger of venom (weapon)
 y - a +1 dagger of draining
Missiles
 m - 11 poisoned darts
Armour
 g - a +0 plate armour
 r - a +0 chain mail
 t - a +0 ring mail (worn)
 v - a +0 cloak (worn)
Jewellery
 f - an amulet of regeneration (around neck)
 p - a ring of wizardry (left hand)
 w - a ring of wizardry (right hand)
Scrolls
 d - a scroll of acquirement {unknown}
 i - 2 scrolls of enchant armour {unknown}
 k - 3 scrolls of noise {unknown}
 l - 2 scrolls of teleportation {unknown}
 o - a scroll of identify {unknown}
 q - 5 scrolls of enchant weapon {unknown}
 s - a scroll of poison {unknown}
Potions
 b - a potion of magic
 c - a potion of brilliance {unknown}
 e - a potion of enlightenment {unknown}
 h - a potion of ambrosia {unknown}
 j - a potion of attraction
 n - a potion of heal wounds
 u - a potion of curing {unknown}
 x - a potion of degeneration {unknown}


   Skills:
 + Level 3.1 Fighting
 - Level 1.7 Dodging
 - Level 2.4 Stealth
 + Level 3.8 Spellcasting
 + Level 1.3 Transmutations
 * Level 6.5 Earth Magic


You had 2 spell levels left.
You knew the following spells:

 Your Spells              Type           Power      Damage    Failure   Level
a - Sandblast             Erth           46%        2d11      1%          1
b - Passwall              Tmut/Erth      11%        N/A       4%          2
c - Stone Arrow           Conj/Erth      22%        3d8       11%         3
d - Petrify               Tmut/Erth      14%        N/A       24%         4

Your spell library contained the following spells:

 Spells                   Type           Power      Damage    Failure   Level
 Necrotise                Necr           12%        1d4       11%         1
 Lee's Rapid Deconstruct  Erth           11%        3d8*      19%         5
 Vampiric Draining        Necr           3%         2d6       28%         3
 Volatile Blastmotes      Fire/Tloc      2%         2d10      32%         3
 Fulminant Prism          Conj/Hex       0%         3d5       71%         4
 Iskenderun's Mystic Bla  Conj/Tloc      1%         2d3       71%         4
 Agony                    Necr           3%         N/A       92%         5


Dungeon Overview and Level Annotations

Branches:
Dungeon (4/15)
 Temple: D:4-7

Altars:
Ashenzari
Dithmenos

Shops:
D:1 (   D:2 !*=

Annotations:
D:4 Duvessa


Innate Abilities, Weirdness & Mutations

You cannot be hasted, slowed, berserked, paralysed or teleported.
You can dig through walls and to a lower floor.
You have a pair of large antennae on your head. (SInv)
Your four strong arms can wield two-handed weapons with a shield.


Message History

You puncture Duvessa!
Duvessa is moderately wounded.
The helpless Duvessa fails to defend herself.
You hit Duvessa.
Duvessa is moderately wounded.
The helpless Duvessa fails to defend herself.
You hit Duvessa.
Duvessa is moderately wounded.
Press: ? - help, v - describe, . - travel
Here: Duvessa, wielding a +1 short sword of protection and wearing a +1 leather armour of poison resistance (moderately wounded, berserk, petrified, very poisoned)
The floor, spattered with blood.
The helpless Duvessa fails to defend herself.
You puncture Duvessa!
Duvessa is moderately wounded.
The helpless Duvessa fails to defend herself.
You puncture Duvessa!
Duvessa is heavily wounded.
The helpless Duvessa fails to defend herself.
You hit Duvessa.
Duvessa looks even sicker.
Duvessa is heavily wounded.
Unknown command.
The helpless Duvessa fails to defend herself.
You puncture Duvessa!
Duvessa is heavily wounded.
The helpless Duvessa fails to defend herself.
You hit Duvessa.
Duvessa looks as sick as possible!
Duvessa is severely wounded.
The helpless Duvessa fails to defend herself.
You hit Duvessa.
Duvessa is severely wounded.
Duvessa is no longer petrified.
Duvessa barely misses you.
Duvessa hits you with a +1 short sword of protection.
You hit Duvessa but do no damage.
Duvessa looks as sick as possible!
Duvessa is severely wounded.
Duvessa hits you with a +1 short sword of protection.
You hit Duvessa but do no damage.
Duvessa is severely wounded.
Duvessa misses you.
Duvessa hits you with a +1 short sword of protection!
You die...

..### #.##.#.#########..#.#
#.### ........... #.......#
#...# #.##...... #.......#
....###.##.....#########...#
..(..##.##..#.......# ....#
......#.##..#.......# .....#
....#......##.[..#########.#
....###.....).#.......# .#
....# ###..####.@.....# .#
....# ##...###.e.#######
....# ###.#............
....# #.#......#..# ....#
#.#........)# ....#
#.#.....##.## ....#
#.#.....# .# ....# #.+.....#
# ....# ###.>...#


You could see Duvessa (berserk, extremely poisoned).

Vanquished Creatures
  Dowan (D:4)
  An orc priest (D:3)
  A hound (D:4)
  Jessica (D:3)
  An orc wizard (D:3)
  A gnoll (D:1)
  6 adders
  2 dart slugs
  12 orcs
  8 endoplasms
  2 giant cockroaches (D:1)
  7 goblins
  6 hobgoblins
  5 jackals (D:4)
  14 kobolds
  5 quokkas
  8 ball pythons
  4 bats
  3 frilled lizards
  8 rats
96 creatures vanquished.

Notes
Turn   | Place    | Note
-------+----------+-------------------------------------------
     0 | D:1      | Bnni the Formicid Earth Elementalist began the quest for
                  | the Orb.
     0 | D:1      | Reached XP level 1. HP: 13/13 MP: 3/3
    98 | D:1      | Found Iwneumo's Weapon Boutique.
   104 | D:1      | Reached XP level 2. HP: 20/20 MP: 1/5
   308 | D:1      | Reached skill level 4 in Earth Magic
   475 | D:1      | Reached skill level 1 in Fighting
   475 | D:1      | Reached XP level 3. HP: 26/26 MP: 1/6
  1038 | D:2      | Learned a level 2 spell: Passwall
  1104 | D:2      | Found Bunnid's Assorted Antiques.
  1225 | D:2      | Found Qojilir's Jewellery Shop.
  1247 | D:2      | Reached XP level 4. HP: 28/32 MP: 5/8
  1497 | D:2      | Reached skill level 5 in Earth Magic
  1539 | D:2      | Found Ufuinleo's Distillery.
  1547 | D:2      | Bought a potion of heal wounds for 50 gold pieces
  1813 | D:2      | Found a faded altar of an unknown god.
  2190 | D:3      | Found a broken altar of Ashenzari.
  2192 | D:3      | Reached XP level 5. HP: 37/38 MP: 9/9
  2235 | D:3      | Noticed Jessica
  2238 | D:3      | Killed Jessica
  2404 | D:3      | Found a shadowy altar of Dithmenos.
  2504 | D:3      | Learned a level 3 spell: Stone Arrow
  2509 | D:3      | Learned a level 4 spell: Petrify
  2861 | D:3      | Reached XP level 6. HP: 46/46 MP: 6/11
  2878 | D:3      | Reached skill level 6 in Earth Magic
  3257 | D:4      | Noticed Duvessa
  3257 | D:4      | Noticed Dowan
  3380 | D:4      | Identified the amulet of the Establishment {Acrobat Harm
                  | rCorr Stlth-}
  3767 | D:4      | Killed Dowan
  3814 | D:4      | Slain by Duvessa

Illustrated notes

Levels and vault maps discovered:
D:1:      nicolae_arrival_somewhat_less_tricky_arrival, layout_basic,
          serial_shops, shop, minivault_11, minmay_statues_item
D:2:      layout_basic, serial_shops, shop_statue,
          nicolae_shop_overgrown_old_shop, nicolae_shop_industrial_runoff,
          chequers_ecumenical_altar_grove, lexackson_kobold_supper
D:3:      layout_loops_corners, mainiacjoe_overflow_concentric_impassable,
          nicolae_dithmenos_through_a_glass_darkly, uniq_jessica
D:4:      minmay_inner_zag, layout_basic, hangedman_abyss_or_decor_stagger,
          uniq_duvessa

Skill      XL: |  1  2  3  4  5  6 |
---------------+-------------------+-----
Earth Magic    | 4 5 6 |  6.5
Fighting       | 1 2 3 |  3.1
Spellcasting   | 3 |  3.8
Dodging        | |  1.7
Stealth        | |  2.4
Transmutations | |  1.3

Action                     |  1- 3 |  4- 6 || total
---------------------------+-------+-------++-------
  Melee: Dagger            |     8 |   122 ||   130
         Whip              |       |    23 ||    23
         Punch             |       |     1 ||     1
  Throw: Dart              |       |     3 ||     3
   Cast: Sandblast         |    28 |    48 ||    76
         Passwall          |       |     3 ||     3
         Petrify           |       |     1 ||     1
Ability: Dig               |     1 |     1 ||     2
    Use: Potion            |       |     2 ||     2
   Stab: Sleeping          |     2 |     2 ||     4
         Petrified         |       |    13 ||    13
         Petrifying        |       |     2 ||     2
 Armour: Robe              |     3 |     5 ||     8
         Ring mail         |       |    43 ||    43
  Dodge: Dodged            |     8 |    90 ||    98

Table legend: (Time is in decaauts)
 A = Elapsed time spent in this place.
 B = Non-inter-level travel time spent in this place.
 C = Inter-level travel time spent in this place.
 D = Time resting spent in this place.
 E = Time spent auto-exploring this place.
 F = Levels seen in this place.
 G = Mean time per level.
                   A        B        C        D        E       F      G
               +--------+--------+--------+--------+--------+-----+--------+
         Total |   3841 |   3680 |    161 |     36 |   2896 |   4 |  960.2 |
       Dungeon |   3841 |   3680 |    161 |     36 |   2896 |   4 |  960.2 |
               +--------+--------+--------+--------+--------+-----+--------+

Top non-repeatable levels by time:
     D:2: 1153 daAuts
     D:3: 1040 daAuts
     D:1: 1028 daAuts
     D:4: 619 daAuts
